 Dungeon Crawl Stone Soup version 0.28.0-49-g6dfe1f597d (webtiles) character file.

Game seed: 15813517106423312999

93 Peloso the Shield-Bearer (level 4, -5/40 HPs)
             Began as a Minotaur Fighter on May 12, 2022.
             Slain by Grinder (6 damage)
             ... on level 3 of the Dungeon.
             The game lasted 00:02:03 (1789 turns).

Peloso the Shield-Bearer (Minotaur Fighter)         Turns: 1789, Time: 00:02:05

Health: -5/40      AC:  9    Str: 20    XL:     4   Next: 37%
Magic:  3/3        EV:  7    Int:  5    God:
Gold:   122        SH:  5    Dex: 12    Spells: 3/3 levels left

rFire   . . .      SeeInvis .   a - +0 long sword
rCold   . . .      Faith    .   c - +0 buckler
rNeg    . . .      Spirit   .   m - +0 chain mail
rPois   .          Reflect  .   (helmet restricted)
rElec   .          Harm     .   (no cloak)
rCorr   .          Rampage  .   (no gloves)
Will    .....                   (no boots)
Stlth   ..........              (no amulet)
HPRegen 0.13/turn               (no ring)
MPRegen 0.08/turn               (no ring)

@: no status effects
A: horns 2, retaliatory headbutt
a: no special abilities


You were on level 3 of the Dungeon.
You visited 1 branch of the dungeon, and saw 3 of its levels.

You collected 122 gold pieces.

Inventory:

Hand Weapons
 a - a +0 long sword (weapon)
Armour
 b - a +0 scale mail
 c - a +0 buckler (worn)
 m - a +0 chain mail (worn)
Scrolls
 e - a scroll of blinking {unknown}
 h - a scroll of teleportation {unknown}
 i - a scroll of noise {unknown}
 j - a scroll of holy word {unknown}
Potions
 d - a potion of might
 f - a potion of mutation {unknown}
 g - a potion of flight {unknown}
 k - 2 potions of curing {unknown}
 l - a potion of attraction {unknown}


   Skills:
 + Level 4.2 Fighting
 + Level 3.9 Long Blades
 + Level 4.2 Armour
 + Level 0.1 Dodging
 + Level 0.1 Stealth
 + Level 4.3 Shields


You had 3 spell levels left.
You didn't know any spells.
Your spell library was empty.

Dungeon Overview and Level Annotations

Branches:
Dungeon (3/15)

Altars:

Annotations:
D:3 Grinder


Innate Abilities, Weirdness & Mutations

You have a pair of horns on your head.
You reflexively headbutt those who attack you in melee.


Message History

You kill the orc!
Grinder hits you.
Things that are here:
a +0 club; an orc corpse You barely miss Grinder.
Grinder hits you.
You writhe in agony.
Grinder barely misses you.
You barely miss Grinder. You headbutt Grinder.
Grinder is lightly wounded.
Grinder hits you.
You writhe in agony.
You hit Grinder but do no damage. Your headbutt misses Grinder.
Grinder is lightly wounded.
Grinder blinks!
Grinder gestures at you. Pain shoots through your body!
Things that are here:
a +0 club; an orc corpse You barely miss Grinder.
You headbutt Grinder.
Grinder is moderately wounded.
Grinder hits you but does no damage.
You hit Grinder.
Grinder is heavily wounded.
Grinder zaps a wand.
The puff of flame hits you. Grinder hits you but does no damage.
You barely miss Grinder.
Grinder is heavily wounded.
Grinder hits you!
* * * LOW HITPOINT WARNING * * *
You writhe in agony.
* * * LOW HITPOINT WARNING * * *
You hit Grinder.
Grinder is heavily wounded.
You block Grinder's attack.
You slash Grinder!
Grinder is severely wounded.
Grinder zaps a wand.
The puff of flame hits you.
* * * LOW HITPOINT WARNING * * *
Grinder hits you.
* * * LOW HITPOINT WARNING * * *
You writhe in agony.
You die...

#.#.#...##.# #.....
#..........#.#....###
###.########.#......
#.................#
#..####..# #..#..#
#..#.....#####.#..#######
#..#...).................
#........####.###........
#...))...# #..@5....####
#....).†)########........
##.###.................###
...............#..........
.########..>...#........##
.#......#......#.##+###.#
.#.####..........# .# .#.#
#####.#######. # .#.#
#.........


You could see Grinder.

Vanquished Creatures
  An orc wizard (D:3)
  An adder (D:3)
  5 dart slugs
  4 orcs (D:3)
  8 endoplasms
  2 giant cockroaches (D:1)
  2 goblins
  3 hobgoblins (D:1)
  2 quokkas
  4 ball pythons
  2 bats
  2 frilled lizards
  7 kobolds
  2 rats
45 creatures vanquished.

Notes
Turn   | Place    | Note
-------+----------+-------------------------------------------
     0 | D:1      | Peloso the Minotaur Fighter began the quest for the Orb.
     0 | D:1      | Reached XP level 1. HP: 19/19 MP: 0/0
   192 | D:1      | Reached XP level 2. HP: 21/27 MP: 1/1
   676 | D:1      | Reached XP level 3. HP: 31/33 MP: 2/2
  1366 | D:2      | Found a faded altar of an unknown god.
  1600 | D:3      | Reached XP level 4. HP: 38/40 MP: 3/3
  1769 | D:3      | Noticed Grinder
  1789 | D:3      | HP: 1/40 [Grinder (3)]
  1789 | D:3      | Slain by Grinder

Illustrated notes

Levels and vault maps discovered:
D:1:      lemuel_arrival_hallway, layout_loops_corners, serial_glass,
          glass_columns_c, glass_columns_a, roderic_roman_lattice
D:2:      layout_rooms, basic_ecumenical_altar
D:3:      layout_basic, uniq_grinder

Skill      XL: |  1  2  3 |
---------------+----------+-----
Shields        | 4 |  4.3
Armour         | 4 |  4.2
Fighting       | 4 |  4.2
Long Blades    | 3 |  3.9
Dodging        | |  0.1
Stealth        | |  0.1

Action                   |  1- 3 |  4- 6 || total
-------------------------+-------+-------++-------
Melee: Long sword        |    72 |    24 ||    96
       Headbutt          |     9 |     4 ||    13
Armor: Scale mail        |    33 |     4 ||    37
       Chain mail        |       |     2 ||     2
Dodge: Dodged            |    28 |    10 ||    38
Block: Buckler           |    19 |     4 ||    23
